 Adventure DCSS version bcrawl-1.27.3 (webtiles) character file.

Game seed: 16767998260956022854

147316 galech the Skirmisher (level 5, 41/41 HPs)
             Began as a Demonspawn Fighter on July 31, 2020.
             Quit the game on level 3 of the Dungeon.
             The game lasted 00:02:36 (2277 turns).

galech the Skirmisher (Demonspawn Fighter)          Turns: 2277, Time: 00:02:37

Health: 41/41      AC: 11    Str: 17    XL:     5   Next: 5%
Magic:  14/14      EV:  5    Int:  9    God:
Gold:   197        SH:  9    Dex: 13    Spells: 4/4 levels left
                                        Lives:  2   Deaths: 0

rFire    x . .     SeeInvis .   a - +0 war axe
rCold    + . .     Gourm    .   c - +0 medium shield
rNeg     . . .     Faith    .   b - +0 scale mail
rPois    .         Spirit   +   m - +1 helmet
rElec    .         Reflect  .   (no cloak)
rCorr    .         Harm     .   (no gloves)
MR       .....                  (no boots)
Stlth    +.........             (no amulet)
HPRegen  0.13/turn              h - ring of magical power
MPRegen  0.28/turn              i - ring of ice

@: no status effects
A: icy blue scales 1, nightstalker 1, magic shield, magic regeneration
a: no special abilities


You were on level 3 of the Dungeon.
You were hungry.

You visited 1 branch of the dungeon, and saw 3 of its levels.

You collected 197 gold pieces.

Inventory:

Hand Weapons
 a - a +0 war axe (weapon)
 g - a +0 falchion of flaming
Armour
 b - a +0 scale mail (worn)
 c - a +0 medium shield (worn)
 m - a +1 helmet (worn)
Jewellery
 h - a ring of magical power (left hand)
 i - a ring of ice (right hand)
Scrolls
 j - 4 scrolls of identify
 l - a scroll of blinking {unknown}
 o - 2 scrolls of remove curse {unknown}
 p - a scroll of magic mapping {unknown}
Potions
 d - a potion of might
 k - 2 potions of agility {unknown}
 n - a potion of curing {unknown}
Comestibles
 e - 5 rations {!d}
 f - 5 chunks of flesh


   Skills:
 + Level 3.6 Fighting
 + Level 3.3 Axes
 + Level 3.2 Armour
 + Level 0.8 Dodging
 + Level 3.2 Shields


You had 4 spell levels left.
You didn't know any spells.
Your spell library was empty.

Dungeon Overview and Level Annotations

Branches:
Dungeon (3/12)

Altars:
Makhleb
Qazlal
Zin


Innate Abilities, Weirdness & Mutations

You are partially covered in icy blue scales. (AC +2)
You are slightly more attuned to the shadows.
When hurt, damage is shared between your health and your magic reserves.
You regenerate magic rapidly.


Message History

You are feeling hungry.
You hit the kobold.
You kill the kobold!
No target in view!
No target in view!
No target in view!
No target in view!
No target in view!
No target in view!
No target in view!
No target in view!
No target in view!
No target in view!
No target in view!
No target in view!
No target in view!
No target in view!
Things that are here:
a +0 blowgun; 26 poisoned needles Are you sure you want to abandon this character and quit the game? (Confirm with "yes".)

####.###........#
#........#####
#######.## #.#
#.# ## #####.# #.
...#.# #.
#####.#.###..
##.##.....@......
#...#.###....##..
#.#...........#
#...######...##
##.## ##.## ###.#
.# #...# .# #.###
#.#


There were no monsters in sight!

Vanquished Creatures
  Terence (D:2)
  Robin (D:2)
  An adder (D:2)
  A worm (D:3)
  5 dart slugs
  2 leopard geckos
  8 orcs (D:3)
  3 ball pythons
  2 giant cockroaches (D:1)
  17 goblins
  9 hobgoblins
  2 jackals (D:2)
  6 bats
  3 frilled lizards (D:2)
  8 kobolds
  7 rats
76 creatures vanquished.

Notes
Turn   | Place    | Note
-------+----------+-------------------------------------------
     0 | D:1      | galech the Demonspawn Fighter began the quest for the Orb.
     0 | D:1      | Reached XP level 1. HP: 18/18 MP: 1/1
   132 | D:1      | Gained mutation: When hurt, damage is shared between your
                  | health and your magic reserves. [demonic ancestry]
   132 | D:1      | Reached XP level 2. HP: 22/24 MP: 2/2
   806 | D:2      | Found a stormy altar of Qazlal.
   824 | D:2      | Gained mutation: You regenerate magic rapidly. [demonic
                  | ancestry]
   824 | D:2      | Reached XP level 3. HP: 25/29 MP: 3/3
  1179 | D:2      | Noticed Terence
  1189 | D:2      | Killed Terence
  1189 | D:2      | Gained mutation: You are slightly more attuned to the
                  | shadows. [demonic ancestry]
  1189 | D:2      | Reached XP level 4. HP: 19/35 MP: 2/4
  1335 | D:2      | Noticed Robin
  1348 | D:2      | Killed Robin
  1432 | D:2      | Found a burning altar of Makhleb.
  1433 | D:2      | Found a glowing silver altar of Zin.
  1433 | D:2      | Noticed an angel
  1434 | D:2      | Noticed a cacodemon
  2211 | D:3      | Gained mutation: You are partially covered in icy blue
                  | scales. (AC +2) [demonic ancestry]
  2211 | D:3      | Reached XP level 5. HP: 41/41 MP: 5/5
  2277 | D:3      | Quit the game

Skill      XL: |  1  2  3  4 |
---------------+-------------+-----
Axes           | 2 3 |  3.3
Shields        | 3 |  3.2
Armour         | 3 |  3.2
Fighting       | |  3.6
Dodging        | |  0.8

Action                   |  1- 3 |  4- 6 || total
-------------------------+-------+-------++-------
Melee: War axe           |   107 |    89 ||   196
  Eat: Chunk             |     5 |     7 ||    12
Armor: Scale mail        |    59 |    43 ||   102
Dodge: Dodged            |    29 |    16 ||    45
Block: Medium shield     |    60 |    61 ||   121
